 Dungeon Crawl Stone Soup version 0.21.1-1-g345015f (webtiles) character file.

980 Opti87 the Magician (level 7, -2/37 HPs)
             Began as a Deep Elf Wizard on May 18, 2018.
             Was an Initiate of Vehumet.
             Slain by an orc warrior
             ... wielding a +0 long sword
              (18 damage)
             ... on level 8 of the Dungeon.
             The game lasted 01:06:24 (10519 turns).

Opti87 the Magician (Deep Elf Wizard)              Turns: 10519, Time: 01:06:24

Health: -2/37      AC:  4    Str:  5    XL:     7   Next: 96%
Magic:  5/20       EV: 18    Int: 24    God:    Vehumet [......]
Gold:   272        SH:  0    Dex: 13    Spells: 8/21 levels left

rFire    + . .     SeeInvis .   h - +0 dagger
rCold    + . .     Gourm    .   (no shield)
rNeg     . . .     Faith    .   v - +2 robe {MR+}
rPois    .         Spirit   .   b - +0 hat
rElec    .         Reflect  .   m - scarf {rC+ rF+}
rCorr    .         Harm     .   (no gloves)
MR       ++...                  (no boots)
Stlth    +++.......             (no amulet)
HPRegen  0.12/turn              q - +3 ring of evasion
MPRegen  0.17/turn              C - ring of protection from magic

@: no status effects
A: no striking features
a: Renounce Religion


You were on level 8 of the Dungeon.
You worshipped Vehumet.
Vehumet was noncommittal.
You were not hungry.

You visited 2 branches of the dungeon, and saw 9 of its levels.

You collected 272 gold pieces.

Inventory:

Hand Weapons
 h - a +0 dagger (weapon)
Missiles
 n - 254 stones (quivered)
Armour
 a - a +0 robe
 b - a +0 hat (worn)
 m - a scarf of resistance (worn)
 o - a cursed +0 robe
 v - a +2 robe of magic resistance (worn)
Jewellery
 q - a +3 ring of evasion (left hand)
 y - a +2 ring of protection
 C - a ring of protection from magic (right hand)
Wands
 w - a wand of digging (12)
Scrolls
 g - a scroll of teleportation
 i - 2 scrolls of identify {@r1}
 k - a scroll of random uselessness {unknown}
 r - a scroll of enchant weapon {unknown}
 z - a scroll of amnesia {unknown}
 A - a scroll of noise {unknown}
 B - a scroll of torment {unknown}
Potions
 e - a potion of might {unknown}
 f - a potion of curing {@q1}
 j - 2 potions of agility
 l - 3 potions of heal wounds {unknown}
 p - a potion of lignification {unknown}
 s - a potion of brilliance {unknown}
 t - a potion of haste {unknown}
 u - a potion of cancellation {unknown}
 x - 2 potions of mutation {unknown}
Books
 c - a book of Minor Magic

   Spells                             Type                      Level
   a - Magic Dart                     Conjuration                  1
   b - Blink                          Translocation                2
   c - Call Imp                       Summoning                    2
   d - Slow                           Hexes                        2
   e - Conjure Flame                  Conjuration/Fire             3
   f - Mephitic Cloud                 Conjuration/Poison/Air       3
Comestibles
 d - 4 rations


   Skills:
 - Level 0.4 Fighting
 - Level 0.2 Short Blades
 + Level 5.9 Dodging
 + Level 5.1 Stealth
 + Level 7.5 Spellcasting
 + Level 5.0 Conjurations
 - Level 1.1 Summonings
 - Level 1.1 Translocations
 - Level 2.3 Fire Magic


You had 8 spell levels left.
You knew the following spells:

 Your Spells              Type           Power        Failure   Level  Hunger
a - Magic Dart            Conj           ####         1%          1    None
b - Blink                 Tloc           N/A          7%          2    None
c - Call Imp              Summ           ##......     7%          2    None
d - Conjure Flame         Conj/Fire      ####....     4%          3    None
e - Mephitic Cloud        Conj/Pois/Air  ###.....     11%         3    None
f - Slow                  Hex            #.......     11%         2    None


Dungeon Overview and Level Annotations

Branches:
Dungeon (8/15)             Temple (1/1) D:5
   Lair: D:8-11

Altars:
Ashenzari
Cheibriados
Dithmenos
Elyvilon
Fedhas
Gozag
Hepliaklqana
Kikubaaqudgha
Makhleb
Nemelex Xobeh
Okawaru
Qazlal
Ru
Uskayaw
Vehumet
Wu Jian
Xom
Yredelemnul
Zin
The Shining One

Shops:
D:4 =

Annotations:
D:6 exclusion: downstairs, Gandalfino's ghost, novice GnSk
D:7 Menkaure


Message History

Aim: an orc warrior, wielding a long sword and wearing a chain mail (lightly wounded) Really fire in your shadow imp's direction?
Okay, then.
Casting: Magic Dart
Confirm with . or Enter, or press ? or * to list all spells.
Aiming: Conjure Flame
Press: ? - help, Dir - move target cursor, p - orc warrior The fire ignites!
Your shadow imp hits the orc warrior but does no damage.
The orc warrior hits your shadow imp with a long sword!
Your shadow imp dies!
Your crimson imp closely misses the orc warrior.
Casting: Conjure Flame
Confirm with . or Enter, or press ? or * to list all spells.
A beastly little devil appears in a puff of flame.
Your crimson imp hits the orc warrior but does no damage.
Found a war axe.
Your crimson imp closely misses the orc warrior.
The orc warrior hits you with a long sword!!
You die...

#)#.####.#.# #.
..........# ..
#.##.)...#.#.##.#
.................
#...............
..............#.#
.>.../...........
......5.@.....#
....)).o§.###.#
..#.....5.#
#.....<...###+##
...............#
############...#
#...# #...# #...#


You could see an orc warrior and 2 friendly crimson imps.

Vanquished Creatures
  Pikel (D:7)
  A crimson imp (D:6)
  An orc wizard (D:8)
  2 oozes (D:2)
  A worm (D:2)
  A dart slug (D:1)
  3 leopard geckos
  5 orcs
  4 bats
  15 goblins
  7 hobgoblins
  7 jackals (D:6)
  A quokka (D:4)
  5 frilled lizards
  5 giant cockroaches
  9 kobolds
  6 rats
74 creatures vanquished.

Vanquished Creatures (collateral kills)
  2 ogres (D:5)
  A centaur (D:5)
  Blork the orc (D:4)
  A scorpion (D:5)
  A bullfrog zombie (D:5)
  2 orc wizards
  4 worker ants
  An iguana (D:5)
  Robin (D:3)
  9 adders
  2 adder skeletons
  A worm (D:3)
  A dart slug (D:2)
  8 orcs
  3 giant cockroaches
  4 goblins
  2 hobgoblins
  3 quokkas
  A frilled lizard (D:4)
48 creatures vanquished.

Vanquished Creatures (others)
  A slave (D:7)
1 creature vanquished.

Grand Total: 123 creatures vanquished

Notes
Turn   | Place    | Note
-------+----------+-------------------------------------------
     0 | D:1      | Opti87 the Deep Elf Wizard began the quest for the Orb.
     0 | D:1      | Reached XP level 1. HP: 10/10 MP: 7/7
   335 | D:1      | Reached XP level 2. HP: 16/16 MP: 6/9
  1167 | D:2      | Reached XP level 3. HP: 20/20 MP: 6/11
  1326 | D:2      | Learned a level 2 spell: Blink
  1329 | D:2      | Learned a level 2 spell: Call Imp
  1631 | D:2      | Reached skill level 5 in Spellcasting
  2442 | D:2      | Reached XP level 4. HP: 24/24 MP: 8/13
  2505 | D:2      | Learned a level 3 spell: Conjure Flame
  2512 | D:2      | Learned a level 3 spell: Mephitic Cloud
  2515 | D:2      | Learned a level 2 spell: Slow
  3136 | D:2      | Found a shadowy altar of Dithmenos.
  3137 | D:2      | Found a sparkling altar of Nemelex Xobeh.
  3390 | D:3      | Noticed Robin
  3870 | D:4      | Reached skill level 1 in Fire Magic
  4167 | D:4      | Found Kedd's Jewellery Boutique.
  4880 | D:4      | Found a hide-covered altar of Uskayaw.
  4948 | D:4      | Reached XP level 5. HP: 28/28 MP: 11/15
  5415 | D:4      | Found a shimmering altar of Xom.
  5563 | D:5      | Entered Level 5 of the Dungeon
  5739 | D:5      | Noticed Blork the orc
  6458 | D:4      | Killed Blork the orc
  6638 | D:5      | Reached skill level 6 in Spellcasting
  6677 | D:5      | Reached XP level 6. HP: 22/33 MP: 3/17
  6905 | D:5      | Found a glowing golden altar of the Shining One.
  6922 | D:5      | Noticed an ice beast
  7302 | D:3      | Found a faded altar of an unknown god.
  7317 | D:3      | Killed Robin
  8506 | D:5      | Found a staircase to the Ecumenical Temple.
  8521 | Temple   | Entered the Ecumenical Temple
  8857 | Temple   | Became a worshipper of Vehumet
  9362 | D:4      | HP: 1/33 [poisoned by a scorpion]
  9790 | D:6      | Reached skill level 5 in Dodging
  9812 | D:6      | Reached XP level 7. HP: 37/37 MP: 7/18
 10155 | D:6      | Noticed Gandalfino's ghost (novice GnSk)
 10179 | D:7      | Noticed Pikel
 10211 | D:7      | Noticed Menkaure
 10213 | D:7      | Killed Pikel
 10213 | D:7      | Reached skill level 5 in Stealth
 10213 | D:7      | Reached skill level 7 in Spellcasting
 10213 | D:7      | Reached skill level 5 in Conjurations
 10519 | D:8      | Slain by an orc warrior

Skill      XL: |  1  2  3  4  5  6  7 |
---------------+----------------------+-----
Dodging        | 3 4 5 |  5.9
Conjurations   | 2 3 4 5 |  5.0
Spellcasting   | 5 6 7 |  7.5
Fire Magic     | 1 2 |  2.3
Stealth        | 3 5 |  5.1
Fighting       | |  0.4
Short Blades   | |  0.2
Summonings     | |  1.1
Translocations | |  1.1

Action                   |  1- 3 |  4- 6 |  7- 9 || total
-------------------------+-------+-------+-------++-------
Melee: Unarmed           |    17 |       |       ||    17
       Dagger            |       |    18 |     1 ||    19
Throw: Stone             |     2 |       |       ||     2
 Cast: Magic Dart        |    74 |   101 |    15 ||   190
       Call Imp          |    12 |    74 |     8 ||    94
       Blink             |     1 |    26 |     3 ||    30
       Conjure Flame     |       |    15 |     2 ||    17
       Mephitic Cloud    |       |     4 |     2 ||     6
       Slow              |       |     1 |       ||     1
  Use: Scroll            |     4 |     6 |     3 ||    13
       Potion            |     1 |     1 |       ||     2
 Stab: Sleeping          |     1 |       |       ||     1
  Eat: Chunk             |     4 |     8 |       ||    12
       Ration            |       |     4 |     1 ||     5
Armor: Robe              |     7 |    20 |       ||    27
Dodge: Dodged            |    40 |   136 |    18 ||   194
